 Dungeon Crawl Stone Soup version 0.31.0-12-g77e489cdc1 (webtiles) character file.

Game seed: 15056357968548182745

6843 Gadfly the Covert (level 10, 0/51 HPs)
             Began as a Spriggan Enchanter on Feb 22, 2024.
             Was an Initiate of Gozag.
             Slain by an ice devil (11 damage)
             ... on level 9 of the Dungeon.
             The game lasted 00:19:25 (10240 turns).

Gadfly the Covert (Spriggan Enchanter)             Turns: 10240, Time: 00:19:33

Health: 0/51       AC:  2    Str: 12    XL:     10   Next: 78%
Magic:  19/22      EV: 23    Int: 19    God:    Gozag
Gold:   1402       SH:  0    Dex: 18    Spells: 19/24 levels left

rFire   . . .        a - +1 dagger (elec)
rCold   + . .        r - orb {guile}
rNeg    . . .        v - +0 robe of the Doomed God {*Corrode rC+ Str+8 Stlth+}
rPois   +            (helmet restricted)
rElec   .            (no cloak)
rCorr   .            (gloves unavailable)
SInv    +            (boots unavailable)
Will    .....        (no amulet)
Stlth   ++++++       o - ring of wizardry
HPRegen 0.28/turn    h - ring of poison resistance
MPRegen 0.18/turn

%: corrode self (3%), wizardry (x1)
@: very quick
A: very small, no large weapons, unfitting armour, see invisible, speed 3
a: Renounce Religion, Potion Petition, Call Merchant, Bribe Branch


You were on level 9 of the Dungeon.
You worshipped Gozag.
Gozag was most pleased with you.
You visited 2 branches of the dungeon, and saw 10 of its levels.
You also visited: Sewer.

You collected 1480 gold pieces.
You paid 78 gold pieces to Gozag.

Inventory:

Hand Weapons
 a - a +1 dagger of electrocution (weapon)
 b - a +1 dagger of venom
 i - a +1 dagger
 l - a +0 dagger of draining
 x - a +4 scimitar of flaming
Missiles
 B - a throwing net
Armour
 r - an orb of guile (worn)
 v - the +0 robe of the Doomed God (worn) {*Corrode rC+ Str+8 Stlth+}
   (You found it on level 7 of the Dungeon)

   Str+8:     It affects your strength (+8).
   rC+:       It protects you from cold.
   *Corrode:  It may corrode you when you take damage.
   Stlth+:    It makes you more stealthy.
Jewellery
 d - a ring of willpower
 h - a ring of poison resistance (right hand)
 o - a ring of wizardry (left hand)
 t - a ring of resist corrosion
Wands
 s - a wand of roots (12)
 u - a wand of quicksilver (8)
 y - a wand of flame (21)
Scrolls
 j - 3 scrolls of fog
 p - 2 scrolls of torment
 w - a scroll of enchant armour
 C - 2 scrolls of identify
Potions
 c - 2 potions of invisibility
 e - 6 potions of curing
 f - a potion of magic
 g - 3 potions of might
 k - a potion of resistance
 m - 2 potions of enlightenment
 n - 2 potions of mutation
 q - a potion of haste
 z - a potion of attraction
 A - 2 potions of heal wounds


   Skills:
 + Level 5.2 Fighting
 + Level 7.0 Short Blades
 + Level 8.5 Dodging
 + Level 10.6 Stealth
 + Level 7.8 Spellcasting
 + Level 8.3 Hexes
 + Level 8.0 Evocations


You had 19 spell levels left.
You knew the following spells:

 Your Spells              Type           Power      Damage    Failure   Level
a - Ensorcelled Hibernat  Hex/Ice        46%        N/A       1%          2
b - Confusing Touch       Hex            39%        N/A       1%          3

Your spell library contained the following spells:

 Spells                   Type           Power      Damage    Failure   Level
 Dazzling Flash           Conj/Hex       46%        N/A       1%          3
 Tukima's Dance           Hex            39%        N/A       1%          3
 Lesser Beckoning         Tloc           14%        N/A       6%          2
 Gell's Gravitas          Tloc           7%         N/A       12%         3
 Teleport Other           Tloc           7%         N/A       12%         3
 Animate Armour           Summ/Erth      14%        N/A       34%         4
 Summon Lightning Spire   Summ/Air       7%         N/A       34%         4
 Lee's Rapid Deconstruct  Erth           3%         3d5*      67%         5


Dungeon Overview and Level Annotations

Branches:
Dungeon (9/15)             Temple (1/1) D:5           Sewer (visited)
   Lair: D:8-11         Orc: D:9-12

Altars:
Ashenzari
Cheibriados
Dithmenos
Elyvilon
Fedhas
Gozag
Hepliaklqana
Kikubaaqudgha
Makhleb
Nemelex Xobeh
Okawaru
Qazlal
Ru
Sif Muna
Trog
Uskayaw
Vehumet
Wu Jian
Yredelemnul
Zin

Shops:
D:1 ([   D:3 =


Innate Abilities, Weirdness & Mutations

You are very small and have problems with some larger weapons.
You are too small for most types of armour.
You have supernaturally acute eyesight. (SInv)
You cover ground extremely quickly. (Speed+++)


Message History

You barely miss the steam dragon.
You are engulfed in a cloud of scalding steam.
The steam dragon looks drowsy...
You are engulfed in a cloud of scalding steam.
The helpless steam dragon fails to defend itself.
You perforate the steam dragon like a sieve!!!!
You kill the steam dragon!
You are engulfed in a cloud of scalding steam.
Your Evocations skill increases to level 8!
You now have 1402 gold pieces (gained 14).
Hit: a) +1 dagger (elec)
Press: ? - help, Dir - move target Your weapon can't reach that far!
Okay, then.
Unknown command.
There is a stone staircase leading down here.
An ice devil comes into view.
An ice devil is nearby!
An ice devil is nearby!
No reachable target in view!
No reachable target in view!
The ice devil hits you! The ice devil freezes you! You resist.
You hit the ice devil.
Lightning courses through the ice devil!
The ice devil is moderately wounded.
Casting: Ensorcelled Hibernation (safe; 1% risk of failure)
Confirm with . or Enter, or press ? or * to list all spells.
Your hands begin to glow red.
The ice devil hits you! The ice devil freezes you! You resist.
You hit the ice devil but do no damage.
The ice devil appears confused.
The ice devil is lightly wounded.
The ice devil closely misses you.
You strike the helpless ice devil from behind!
You impale the ice devil!!
The ice devil is severely wounded.
The ice devil hits you!
* * * LOW HITPOINT WARNING * * *
The ice devil freezes you! You resist.
You die...
Your body crumbles into a pile of gold.

####### #
#...P.######### #
#..≈≈.......>.########
#..≈≈.#.#.............
#..PP.#.#............#
#...#.....##..#..#####
#...4@........##.....#
#...###.###........#..
#.. ....####.....#..##
#. ###...##.....#... #
##.............##
#................
#................
##................
#................<


You could see an ice devil (confused).

Vanquished Creatures
  Erica (D:8)
  An ugly thing (D:9)
  Maggie (D:8)
  Jeremiah (D:6)
  A red devil (D:9)
  A troll (D:9)
  A hornet (D:8)
  A shadow (D:9)
  4 wyverns
  A steam dragon (D:9)
  Menkaure (D:5)
  An orc warrior (D:8)
  7 ice beasts
  3 black bears
  3 sky beasts (D:7)
  An ogre (D:6)
  3 centaurs
  A phantom (D:6)
  2 kobold brigands (Sewer)
  2 bullfrogs (D:8)
  2 scorpions (D:4)
  9 killer bees
  2 howler monkeys (D:7)
  A bombardier beetle (D:4)
  3 jellies
  A quasit (D:9)
  2 gnoll boudas
  2 orc priests
  4 hounds
  2 sleepcaps
  3 iguanas
  7 orc wizards
  16 gnolls
  15 adders
  7 river rats (Sewer)
  A white imp (D:6)
  2 dart slugs
  5 ribbon worms
  20 orcs
  3 endoplasms
  5 giant cockroaches
  5 goblins
  7 hobgoblins
  13 jackals
  A quokka (D:1)
  10 ball pythons
  A bat (D:3)
  5 frilled lizards
  22 kobolds
  13 rats
226 creatures vanquished.

Notes
Turn   | Place    | Note
-------+----------+-------------------------------------------
     0 | D:1      | Gadfly the Spriggan Enchanter began the quest for the Orb.
     0 | D:1      | Reached XP level 1. HP: 9/9 MP: 5/5
    95 | D:1      | Found Iwonloc's Antique Armour Boutique.
   136 | D:1      | Found Decrohyg's Weapon Emporium.
   211 | D:1      | Reached XP level 2. HP: 13/13 MP: 6/6
   250 | D:1      | Learned a level 2 spell: Ensorcelled Hibernation
   705 | D:1      | You fall into a shaft and drop 1 floor!
  1151 | D:2      | Reached XP level 3. HP: 15/17 MP: 8/8
  1199 | D:2      | Reached skill level 1 in Fighting
  1199 | D:2      | Reached skill level 1 in Evocations
  1302 | D:2      | Reached skill level 5 in Stealth
  1302 | D:2      | Reached XP level 4. HP: 22/22 MP: 9/9
  1716 | D:2      | Learned a level 3 spell: Confusing Touch
  1875 | D:3      | Found Isoar's Jewellery Boutique.
  2149 | D:3      | Found a faded altar of an unknown god.
  2471 | D:3      | Reached XP level 5. HP: 25/25 MP: 8/11
  2786 | D:4      | Reached XP level 6. HP: 21/30 MP: 9/12
  3264 | D:4      | HP: 1/30 [poisoned by a scorpion]
  3597 | D:4      | Reached skill level 6 in Stealth
  3996 | D:5      | Entered Level 5 of the Dungeon
  4002 | D:5      | Reached XP level 7. HP: 10/35 MP: 11/14
  4121 | D:5      | Noticed Menkaure
  4128 | D:5      | Killed Menkaure
  4129 | D:5      | Reached skill level 5 in Hexes
  4626 | D:5      | Found a staircase to the Ecumenical Temple.
  4656 | Temple   | Entered the Ecumenical Temple
  4672 | Temple   | Became a worshipper of Gozag Ym Sagoz the Greedy
  5139 | D:6      | Reached skill level 5 in Dodging
  5201 | D:6      | Found a glowing drain.
  5206 | Sewer    | Entered a sewer
  5270 | Sewer    | Reached skill level 7 in Stealth
  5270 | Sewer    | Reached XP level 8. HP: 14/39 MP: 11/16
  5669 | Sewer    | Reached skill level 5 in Spellcasting
  6668 | D:6      | Noticed Jeremiah
  6676 | D:6      | Killed Jeremiah
  6677 | D:6      | Reached skill level 5 in Evocations
  7214 | D:6      | Reached skill level 8 in Stealth
  7303 | D:6      | Reached skill level 5 in Short Blades
  7399 | D:7      | Reached XP level 9. HP: 44/44 MP: 18/18
  7765 | D:7      | Identified the +0 robe of the Doomed God {*Corrode rC+
                  | Str+8 Stlth+}
  7960 | D:7      | Reached skill level 9 in Stealth
  8363 | D:8      | Identified the +1 mace of Maomyis {drain, Dex+6}
  8936 | D:8      | Reached XP level 10. HP: 33/51 MP: 21/21
  9104 | D:8      | Noticed Erica
  9111 | D:8      | Killed Erica
  9180 | D:8      | Noticed Maggie
  9185 | D:8      | Killed Maggie
  9186 | D:8      | Reached skill level 10 in Stealth
  9914 | D:9      | Noticed a green ugly thing
  9923 | D:9      | Reached skill level 5 in Fighting
  9938 | D:9      | Killed a green ugly thing
 10240 | D:9      | Slain by an ice devil

Illustrated notes

Levels and vault maps discovered:
D:1:      lemuel_arrival_behind_the_door_large, layout_loops_cross,
          serial_shops, shop, nicolae_lakefront_shop, kennysheep_flooded_box,
          minmay_tiny_reverse_x
D:2:      layout_basic
D:3:      layout_basic, ebering_ecumenical_altar_sacrificial, serial_shops,
          nicolae_shop_gaudy_bauble, amcnicky_mini_pool_small
D:4:      layout_loops_ring
D:5:      layout_basic, nicolae_overflow_hidden_temple,
          minmay_temple_entry_wispy, uniq_menkaure
D:6:      layout_loops_ring, lightli_sewer_entry_pipes, minivault_14,
          glass_columns_c, minmay_misc_feat_alley, minivault_22,
          chequers_garden, uniq_jeremiah
D:7:      layout_rooms
D:8:      layout_gridville, grunt_ministairs_4, kennysheep_pointless_box,
          hangedman_decor_points, roderic_lattice_a, minivault_4, uniq_erica,
          uniq_maggie
D:9:      layout_rooms, serial_demonic, serial_demonic_g, serial_demonic_f,
          serial_demonic_c, serial_demonic_d, lightli_fourway_metalbox
Temple:   nicolae_temple_bog_church

Skill      XL: |  1  2  3  4  5  6  7  8  9 10 |
---------------+-------------------------------+-----
Dodging        | 3 4 5 6 7 8 |  8.5
Spellcasting   | 3 4 5 6 7 |  7.8
Fighting       | 1 2 3 4 5 |  5.2
Hexes          | 4 5 6 7 8 |  8.3
Evocations     | 1 2 3 4 5 6 8 |  8.0
Stealth        | 5 6 7 8 9 10 | 10.6
Short Blades   | 2 3 4 5 6 7 |  7.0

Action                     |  1- 3 |  4- 6 |  7- 9 | 10-12 || total
---------------------------+-------+-------+-------+-------++-------
  Melee: Dagger            |    70 |   144 |   347 |    72 ||   633
         Punch             |     2 |     2 |     5 |       ||     9
   Cast: Ensorcelled Hiber |     6 |    37 |    79 |    25 ||   147
         Confusing Touch   |       |       |    11 |     3 ||    14
    Use: Scroll            |     3 |     7 |     7 |     2 ||    19
         Potion            |     1 |       |     1 |       ||     2
   Stab: Sleeping          |    18 |    35 |    61 |    21 ||   135
         Confused          |       |       |     9 |     2 ||    11
         Distracted        |       |       |     3 |       ||     3
 Armour: Robe              |    18 |    46 |   109 |    26 ||   199
  Dodge: Dodged            |    61 |    93 |   317 |    85 ||   556
